 Dungeon Crawl Stone Soup version 0.22-a0-439-gac93bac (webtiles) character file.

118465 galech the Bludgeoner (level 16, -9/183 HPs)
             Began as an Ogre Berserker on May 29, 2018.
             Was a High Priest of Trog.
             Mangled by a caustic shrike (18 damage)
             ... on level 2 of the Depths.
             The game lasted 01:03:37 (31940 turns).

galech the Bludgeoner (Ogre Berserker)             Turns: 31940, Time: 01:03:37

Health: -9/183     AC: 14    Str: 26    XL:     16   Next: 76%
Magic:  8/8        EV:  9    Int:  8    God:    Trog [*****.]
Gold:   1220       SH:  0    Dex:  8    Spells: 15/15 levels left

rFire    . . .     SeeInvis .   L - +8 giant spiked club (antimagic)
rCold    . . .     Gourm    .   (shield currently unavailable)
rNeg     . . .     Faith    .   a - +3 storm dragon scales {Bai Suzhen}
rPois    +         Spirit   .   g - +0 hat
rElec    +         Reflect  .   J - +2 cloak
rCorr    .         Harm     .   (gloves unavailable)
MR       ++++.                  (boots unavailable)
Stlth    ..........             u - amulet "Huxeuw" {rPois Regen+ MP+9 Str-4}
HPRegen  1.80/turn              q - +5 ring of protection
MPRegen  0.11/turn              D - ring of protection from magic

@: corroded, berserk cooldown, regenerating, slowed, drained, very slow
A: large, unfitting armour, tough skin 1
a: Berserk, Trog's Hand, Brothers in Arms, Renounce Religion


You were on level 2 of the Depths.
You worshipped Trog.
Trog was extremely pleased with you.
You were hungry.

You visited 4 branches of the dungeon, and saw 25 of its levels.
You also visited: Labyrinth.

You collected 2574 gold pieces.
You spent 1354 gold pieces at shops.

Inventory:

Hand Weapons
 j - the +8 great sword of Harmony {flame, rElec rF- Str+3 Int+5}
   (You took it off a minotaur in a labyrinth)

   It has been specially enchanted to burn those struck by it, causing extra
   injury to most foes and up to half again as much damage against particularly
   susceptible opponents.
   Big, fiery blades are also staple armaments of hydra-hunters.
   It affects your strength (+3).
   It affects your intelligence (+5).
   It makes you vulnerable to fire.
   It insulates you from electricity.
 k - a +3 triple sword of holy wrath
 K - the +4 great mace of the Eternal Void {crush, rC++ Str+3 Int-3}
   (Trog gifted it to you on level 1 of the Depths)

   It inflicts extra damage upon your enemies.
   It affects your strength (+3).
   It affects your intelligence (-3).
   It greatly protects you from cold.
 L - a +8 antimagic giant spiked club (weapon)
 Q - the +8 demon trident of Ysyenuf {vamp, Str+3}
   (You took it off a salamander on level 1 of the Depths)

   It inflicts no extra harm, but heals its wielder when it wounds a living foe.
   It affects your strength (+3).
Armour
 a - +3 storm dragon scales (worn) {Bai Suzhen}
 g - a +0 hat (worn)
 A - +0 ice dragon scales
 J - a +2 cloak (worn)
 T - a +2 large shield of cold resistance
 V - the +0 robe of Eggy {*Corrode rPois rF+++ Str-3}
   (You found it on level 10 of the Dungeon)

   It affects your strength (-3).
   It renders you almost immune to fire.
   It protects you from poison.
   It may corrode you when you take damage.
 W - a +2 robe of positive energy
 X - the +1 robe of Bots {rF++ Str-4 Slay+6}
   (You found it on level 1 of the Lair of Beasts)

   It affects your strength (-4).
   It affects your accuracy and damage with ranged weapons and melee attacks
   (+6).
   It greatly protects you from fire.
Jewellery
 d - an uncursed amulet of the gourmand
 n - an uncursed ring of fire
 q - a +5 ring of protection (left hand)
 u - the amulet "Huxeuw" (around neck) {rPois Regen+ MP+9 Str-4}
   (You bought it in a shop on level 15 of the Dungeon)

   [amulet of regeneration]

   It affects your strength (-4).
   It protects you from poison.
   It affects your magic capacity (+9).
   It increases your rate of regeneration.
 w - an uncursed ring of flight
 C - an uncursed amulet of regeneration
 D - a ring of protection from magic (right hand)
 E - an uncursed ring of stealth
 R - an uncursed ring of ice
 U - the ring "Vayt" {*Drain rPois MP+9 AC+4 Int-3, unknown}
   (You took it off a centaur warrior on level 2 of the Depths)

   [ring of protection]

   It affects your AC (+4).
   It affects your intelligence (-3).
   It protects you from poison.
   It affects your magic capacity (+9).
   It causes draining when unequipped.
 Y - an uncursed ring of see invisible
Wands
 y - a wand of digging (21)
 H - a wand of acid (5)
Scrolls
 f - 17 scrolls of teleportation
 o - 4 scrolls of fog
 p - 11 scrolls of remove curse
 v - a scroll of torment
 x - 3 scrolls of blinking
 F - 6 scrolls of enchant armour
 G - a scroll of enchant weapon
 M - 4 scrolls of fear
 N - 5 scrolls of magic mapping
 O - a scroll of brand weapon
Potions
 b - 3 potions of flight {unknown}
 e - 14 potions of curing {unknown}
 h - 3 potions of heal wounds {unknown}
 i - 7 potions of degeneration {unknown}
 l - 10 potions of brilliance {unknown}
 m - a potion of haste {unknown}
 r - 3 potions of agility {unknown}
 s - 2 potions of resistance {unknown}
 t - a potion of magic {unknown}
 z - a potion of berserk rage {unknown}
 B - 3 potions of mutation
 I - 2 potions of lignification
 S - 3 potions of cancellation
 Z - 2 potions of might
Comestibles
 c - 35 rations
 P - 6 chunks of flesh


   Skills:
 + Level 17.4(16.0) Fighting
 + Level 18.6(17.2) Maces & Flails
 + Level 10.3(9.1) Armour
 + Level 8.3(7.2) Dodging
 + Level 3.3(2.3) Stealth
 + Level 0.1(0.0) Evocations


You had 15 spell levels left.
You didn't know any spells.
Your spell library was empty.

Dungeon Overview and Level Annotations

Branches:
Dungeon (15/15)            Temple (0/1) D:5            Lair (6/6) D:10
  Swamp (0/4) Lair:4       Spider (0/4) Lair:3        Slime (0/5) Lair:6
    Orc (2/2) D:9             Elf (0/3) Orc:2        Vaults (0/5) D:13
 Depths (2/5) D:15

Altars:
Cheibriados
Dithmenos
Elyvilon
Fedhas
Gozag
Makhleb
Nemelex Xobeh
Qazlal
Ru
Sif Muna
Trog
Vehumet
The Shining One
Beogh
Jiyva

Shops:
D:7 (}   D:8 *   D:13 =*   D:15 [=   Orc:1 (   Orc:2 =?([   Depths:1 %

Portals:
Hell: Depths:1 Depths:2


Innate Abilities, Weirdness & Mutations

You are too large for most types of armour.
You have tough skin. (AC +1)


Message History

The caustic shrike is moderately wounded.
The caustic shrike claws you!
* * * LOW HITPOINT WARNING * * *
The acid corrodes you!
You are splashed with acid!
The acid burns!
* * * LOW HITPOINT WARNING * * *
The caustic shrike claws you but does no damage.
The caustic shrike claws you.
* * * LOW HITPOINT WARNING * * *
You are splashed with acid!
The acid burns!
* * * LOW HITPOINT WARNING * * *
The caustic shrike claws you.
* * * LOW HITPOINT WARNING * * *
You are splashed with acid!
The acid burns!
* * * LOW HITPOINT WARNING * * *
You are too berserk!
You feel a strong urge to attack something.
You are no longer berserk.
You are exhausted.
You feel yourself slow down. The caustic shrike claws you!!
You die...

#.#######..#
#..> #)# #..#
...#..... +...
#.# #..#
#..#..... +...
#.#
..####..#.!#.
#### #.#
#....'.....(:
#.# ....'......
.. #.#
#..##O...####...
#.#
#..#...b........
#.# #.@#
#......... #.#
##b####''##.....
#.# #...TCO.#
... #.#
##b.....# # #.#
#####..#### #.#
##....+ #.#
##....+ #.#
#####..#### #.#
##......# #.


You could see 2 caustic shrikes.

Vanquished Creatures
  Bai Suzhen (Depths:1)
  Rupert (Orc:2)
  Gastronok (Lair:2)
  A fire giant (Depths:2)
  A frost giant (Depths:1)
  An orc warlord (Orc:2)
  4 stone giants
  A vampire knight (Depths:1)
  A minotaur (Lab)
  Azrael (Orc:2)
  2 ettins
  4 fire dragons
  A yaktaur captain (Depths:2)
  Josephine (Orc:1)
  2 great orbs of eyes (Depths:2)
  Fannar (Lair:2)
  6 hydras
  3 ice dragons
  A vault guard (D:13)
  Erica (D:9)
  The ghost of xccam the Transmogrifier, a journeyman DrTm of Okawaru (D:11)
  5 centaur warriors
  5 two-headed ogres
  3 death yaks (Lair:5)
  An orc high priest (Orc:2)
  Nergalle (D:10)
  Sonja (Lair:4)
  A skeletal warrior (D:10)
  2 unseen horrors
  A golden dragon zombie (Depths:2)
  A necromancer (Depths:2)
  A wolf spider zombie (D:15)
  A lindwurm (Lair:6)
  The ghost of TheNamelessOne the Zephyrmancer, a novice TeAE (D:6)
  2 deep elf magi (D:12)
  2 wolf spiders
  2 orc knights
  13 ugly things
  5 manticores
  2 salamanders (Depths:1)
  An orc sorcerer (D:15)
  6 cyclopes
  Maurice (Orc:1)
  11 elephants
  A stone giant skeleton (Depths:2)
  A smoke demon (Depths:1)
  6 black mambas
  10 spiny frogs
  6 torpor snails
  6 centaur skeletons
  3 kobold demonologists (D:15)
  8 yaktaurs
  4 komodo dragons
  A hellwing (Depths:1)
  A rime drake (Lair:4)
  A yaktaur (shapeshifter) (D:14)
  A red devil (Depths:1)
  A tengu conjurer (D:15)
  A meliai (D:13)
  2 polar bears (D:10)
  A harpy zombie (D:14)
  A polar bear (shapeshifter) (D:13)
  6 trolls
  4 tyrant leeches (Lair:6)
  Grinder (D:5)
  9 hornets
  14 slime creatures
  9 dream sheep
  9 hippogriffs
  A meliai zombie (D:12)
  Prince Ribbit (D:5)
  A vampire (D:13)
  2 redbacks (Lab)
  4 shadows
  26 yaks
  8 wraiths
  Sigmund (D:5)
  3 wyverns
  A wyvern (shapeshifter) (D:13)
  3 basilisks
  A fire elemental (Orc:2)
  2 vampire mosquitoes (D:15)
  5 hungry ghosts
  Menkaure (D:5)
  An elf simulacrum (Depths:2)
  A soldier ant (D:11)
  10 wargs
  7 water moccasins
  6 hell hounds
  2 black bears
  6 porcupines
  6 sky beasts
  5 necrophages
  A swamp drake (Lair:4)
  45 orc warriors
  3 ice beasts
  8 ogres
  A phantom (D:6)
  4 boggarts (D:15)
  A wolf (Lair:2)
  12 centaurs
  2 eyes of draining
  13 crocodiles
  8 big kobolds
  20 bullfrogs
  5 scorpions
  2 wyvern skeletons
  8 killer bees
  8 wights
  6 howler monkeys
  8 crimson imps
  4 bullfrog zombies
  4 lava snakes (Lab)
  3 quasits
  7 centaur zombies
  10 hounds
  3 jellies (Lair:4)
  48 orc wizards
  Crazy Yiuf (D:2)
  21 orc priests
  2 bullfrog skeletons
  7 iguanas
  11 worker ants
  2 hell rats (Lair:2)
  A killer bee zombie (D:8)
  A hound skeleton (D:4)
  2 mummies (D:9)
  A howler monkey zombie (D:9)
  4 gnolls (D:7)
  A howler monkey skeleton (D:8)
  14 adders
  10 river rats (Lair:2)
  A shadow imp (D:14)
  19 oozes (Lair:4)
  2 adder zombies (D:9)
  2 adder skeletons
  9 worms
  4 dart slugs
  10 leopard geckos
  104 orcs
  5 ball pythons
  10 giant cockroaches
  8 goblins
  3 hobgoblins
  10 jackals
  41 kobolds
  6 quokkas
  16 bats
  5 frilled lizards
  A jackal skeleton (D:5)
  A quokka skeleton (D:10)
  8 rats
  8 plants
901 creatures vanquished.

Vanquished Creatures (others)
  A shadow (D:10)
  An orc (D:6)
  9 fungi
  6 plants
17 creatures vanquished.

Grand Total: 918 creatures vanquished

Notes
Turn   | Place    | Note
-------+----------+-------------------------------------------
     0 | D:1      | galech the Ogre Berserker began the quest for the Orb.
     0 | D:1      | Reached XP level 1. HP: 24/24 MP: 1/1
   226 | D:1      | Reached XP level 2. HP: 25/32 MP: 2/2
   342 | D:1      | Reached skill level 3 in Maces & Flails
   486 | D:1      | Reached XP level 3. HP: 39/40 MP: 3/3
  1197 | D:2      | Reached ** piety under Trog
  1199 | D:2      | Reached XP level 4. HP: 21/49 MP: 4/4
  1850 | D:2      | Found a runed door.
  1900 | D:2      | Noticed Crazy Yiuf
  1907 | D:2      | Killed Crazy Yiuf
  1959 | D:2      | Reached skill level 4 in Maces & Flails
  1959 | D:2      | Reached XP level 5. HP: 55/55 MP: 5/5
  2486 | D:3      | Reached skill level 5 in Fighting
  2745 | D:3      | Found a burning altar of Makhleb.
  2747 | D:3      | Noticed a green death
  2751 | D:3      | Noticed a smoke demon
  2751 | D:3      | Noticed a neqoxec
  2857 | D:3      | Found a bloodstained altar of Trog.
  2923 | D:3      | Reached *** piety under Trog
  3108 | D:3      | Reached XP level 6. HP: 63/66 MP: 6/6
  3124 | D:3      | Found a sparkling altar of Nemelex Xobeh.
  3929 | D:4      | Reached skill level 5 in Maces & Flails
  4454 | D:4      | Reached XP level 7. HP: 61/72 MP: 7/7
  4608 | D:5      | Entered Level 5 of the Dungeon
  4643 | D:5      | Reached skill level 1 in Stealth
  4928 | D:5      | Found a deep blue altar of Sif Muna.
  5116 | D:5      | Noticed Menkaure
  5119 | D:5      | Noticed Prince Ribbit
  5129 | D:5      | Killed Menkaure
  5129 | D:5      | Reached skill level 6 in Maces & Flails
  5131 | D:5      | HP: 1/114 [Prince Ribbit (13)]
  5133 | D:5      | Killed Prince Ribbit
  5133 | D:5      | Reached XP level 8. HP: 2/84 MP: 8/8
  5438 | D:5      | Noticed Grinder
  5439 | D:5      | Paralysed by Grinder for 7 turns
  5679 | D:5      | Killed Grinder
  5679 | D:5      | Reached skill level 7 in Maces & Flails
  5679 | D:5      | Reached skill level 5 in Dodging
  5811 | D:5      | Reached **** piety under Trog
  6119 | D:5      | Noticed Sigmund
  6132 | D:5      | Killed Sigmund
  6292 | D:5      | Found a staircase to the Ecumenical Temple.
  6295 | D:5      | Reached XP level 9. HP: 89/93 MP: 9/9
  6353 | D:6      | Reached skill level 1 in Armour
  6365 | D:6      | Reached skill level 8 in Maces & Flails
  6414 | D:6      | Found a snail-covered altar of Cheibriados.
  6591 | D:6      | Noticed TheNamelessOne's ghost (novice TeAE)
  6609 | D:6      | Killed TheNamelessOne's ghost
  6614 | D:6      | Reached skill level 9 in Maces & Flails
  7266 | D:7      | Found Xaxzaqext's Gadget Emporium.
  7320 | D:7      | Found Usaec's Weapon Boutique.
  7450 | D:7      | Found a radiant altar of Vehumet.
  7450 | D:7      | Found a stormy altar of Qazlal.
  7475 | D:7      | Reached XP level 10. HP: 66/106 MP: 10/10
  7769 | D:7      | Found a blossoming altar of Fedhas.
  8136 | D:7      | Found a bloodstained altar of Trog.
  8331 | D:7      | Reached ***** piety under Trog
  8465 | D:8      | Found a sacrificial altar of Ru.
  8467 | D:8      | Found a shadowy altar of Dithmenos.
  8797 | D:8      | Found an opulent altar of Gozag.
  8821 | D:8      | Received a gift from Trog
  8956 | D:8      | Found Gozag's Platinum Reserve.
  9107 | D:8      | Found a glowing golden altar of the Shining One.
  9259 | D:9      | Found a staircase to the Orcish Mines.
  9282 | D:9      | Reached skill level 10 in Maces & Flails
  9425 | D:9      | You fall through a shaft!
  9425 | D:10     | Entered Level 10 of the Dungeon
  9428 | D:10     | Found a bloodstained altar of Trog.
  9546 | D:10     | Reached skill level 10 in Fighting
  9565 | D:10     | Reached skill level 11 in Maces & Flails
  9565 | D:10     | Reached XP level 11. HP: 103/117 MP: 3/11
  9754 | D:10     | Found a shadowy altar of Dithmenos.
  9755 | D:10     | Noticed Nergalle
  9768 | D:10     | Killed Nergalle
  9772 | D:10     | Reached skill level 5 in Armour
  9919 | D:10     | Found a staircase to the Lair.
 10132 | D:9      | Noticed Erica
 10165 | D:9      | Killed Erica
 10537 | D:9      | Found a white marble altar of Elyvilon.
 10940 | D:10     | Noticed a cyclops
 10941 | D:10     | Noticed a skeletal warrior
 10941 | D:10     | Noticed a centaur warrior
 10945 | D:10     | Killed a skeletal warrior
 10948 | D:10     | Killed a centaur warrior
 10948 | D:10     | Reached skill level 12 in Maces & Flails
 10953 | D:10     | Killed a cyclops
 10979 | D:10     | Got a fine robe
 10990 | D:10     | Identified the cursed +0 robe of Eggy {*Corrode rPois rF+++ Str-3} (You found it on level 10 of the Dungeon)
 11084 | D:10     | Received a gift from Trog
 11720 | D:10     | Noticed a three-headed hydra
 11723 | D:10     | Killed a three-headed hydra
 11856 | Orc:1    | Entered Level 1 of the Orcish Mines
 11862 | Orc:1    | Noticed an orc knight
 11877 | Orc:1    | Killed an orc knight
 11877 | Orc:1    | Reached XP level 12. HP: 30/130 MP: 4/12
 11881 | Orc:1    | HP: 8/195 [orc warrior/glaive[an orc knight] (10)]
 11882 | Orc:1    | HP: 3/130 [orc warrior/enchanted halberd (4)]
 12595 | Orc:2    | Entered Level 2 of the Orcish Mines
 12595 | Orc:2    | Noticed Josephine
 12670 | Orc:1    | Killed Josephine
 12680 | Orc:1    | Reached skill level 13 in Maces & Flails
 12867 | Orc:2    | Found a roughly hewn altar of Beogh.
 12883 | Orc:2    | Found Asook's Jewellery Shop.
 12982 | Orc:2    | Noticed Rupert
 12992 | Orc:2    | Killed Rupert
 13246 | Orc:2    | Noticed Azrael
 13259 | Orc:2    | Killed Azrael
 13865 | Orc:2    | Noticed a two-headed ogre
 13872 | Orc:2    | Killed a two-headed ogre
 13872 | Orc:2    | Reached skill level 14 in Maces & Flails
 14052 | Orc:2    | Reached XP level 13. HP: 137/141 MP: 4/13
 14069 | Orc:2    | Found a roughly hewn altar of Beogh.
 14090 | Orc:2    | Found a staircase to the Elven Halls.
 14118 | Orc:2    | Found a roughly hewn altar of Beogh.
 14134 | Orc:2    | Found Sokuaz's Magic Scroll Emporium.
 14308 | Orc:2    | Bought a scroll of magic mapping for 35 gold pieces
 14308 | Orc:2    | Bought a scroll of blinking for 75 gold pieces
 14308 | Orc:2    | Bought a scroll of magic mapping for 35 gold pieces
 14308 | Orc:2    | Bought a scroll of teleportation for 30 gold pieces
 14308 | Orc:2    | Bought a scroll of magic mapping for 35 gold pieces
 14308 | Orc:2    | Bought a scroll of identify for 20 gold pieces
 14396 | Orc:2    | Received a gift from Trog
 15042 | Orc:2    | Received a gift from Trog
 15043 | Orc:2    | Noticed an orc warlord
 15045 | Orc:2    | Found Qiguceex's Antique Armour Shop.
 15045 | Orc:2    | Found a roughly hewn altar of Beogh.
 15058 | Orc:2    | Killed an orc warlord
 15531 | Orc:2    | Found Hoinnuma's Antique Weapon Boutique.
 15580 | Orc:2    | Found a roughly hewn altar of Beogh.
 15848 | Orc:2    | Found a roughly hewn altar of Beogh.
 15902 | Orc:1    | Found Otielecu's Antique Weapon Boutique.
 15902 | Orc:1    | Noticed Maurice
 15924 | Orc:1    | Killed Maurice
 15951 | Orc:1    | Bought a runed giant spiked club for 142 gold pieces
 15968 | Orc:1    | Noticed a stone giant
 15976 | Orc:1    | Killed a stone giant
 16788 | Lair:1   | Entered Level 1 of the Lair of Beasts
 17934 | Lair:2   | Found an opulent altar of Gozag.
 17937 | Lair:2   | Noticed Gastronok
 17946 | Lair:2   | Killed Gastronok
 17946 | Lair:2   | Reached skill level 15 in Maces & Flails
 17948 | Lair:2   | Noticed Fannar
 17961 | Lair:2   | Killed Fannar
 19195 | Lair:3   | Found a hole to the Spider Nest.
 19650 | Lair:4   | Received a gift from Trog
 19659 | Lair:4   | Noticed Sonja
 19663 | Lair:4   | Killed Sonja
 20071 | Lair:4   | Reached XP level 14. HP: 128/154 MP: 4/14
 20472 | Lair:4   | Found a staircase to the Swamp.
 20783 | Lair:5   | Reached skill level 16 in Maces & Flails
 21680 | Lair:6   | Entered Level 6 of the Lair of Beasts
 21727 | Lair:6   | Found a labyrinth entrance.
 21752 | Lab      | Entered a labyrinth
 22144 | Lab      | Identified the Catalogue of Moulding and Lightness
 22158 | Lab      | Got a scorched great sword {flame}
 22159 | Lab      | Identified the +8 great sword of Harmony {flame, rElec rF- Str+3 Int+5} (You took it off a minotaur in a labyrinth)
 22399 | Lair:6   | Found a viscous altar of Jiyva.
 22399 | Lair:6   | Found a staircase to the Slime Pits.
 22408 | Lair:6   | Received a gift from Trog
 23578 | Lair:6   | Found a runed door.
 23601 | Lair:6   | Paralysed by a hornet for 3 turns
 23668 | Lair:6   | Reached skill level 15 in Fighting
 23869 | Lair:6   | Paralysed by a hornet for 1 turns
 23881 | Lair:6   | Paralysed by a hornet for 2 turns
 23983 | Lair:6   | Reached XP level 15. HP: 160/167 MP: 5/15
 24027 | Lair:6   | Received a gift from Trog
 24486 | D:11     | Noticed xccam's ghost (journeyman DrTm)
 24497 | D:11     | Killed xccam's ghost
 24625 | Lair:1   | Got a faintly glowing robe
 24636 | Lair:1   | Identified the cursed +1 robe of Bots {rF++ Str-4 Slay+6} (You found it on level 1 of the Lair of Beasts)
 25138 | D:11     | Reached ****** piety under Trog
 25762 | D:12     | Reached skill level 17 in Maces & Flails
 26528 | D:13     | Received a gift from Trog
 26534 | D:13     | Found Paphus's Practical Paraphernalia.
 26658 | D:13     | Found Sanaw's Jewellery Shop.
 27053 | D:13     | Found a gate to the Vaults.
 27897 | D:15     | Entered Level 15 of the Dungeon
 28209 | D:15     | Received a gift from Trog
 28576 | D:15     | Found Eripum's Jewellery Emporium.
 28584 | D:15     | Bought the amulet "Huxeuw" {rPois Regen+ MP+9 Str-4} for 982 gold pieces
 28661 | D:15     | Found a staircase to the Depths.
 28729 | D:15     | Reached XP level 16. HP: 180/180 MP: 8/16
 28790 | D:15     | Found Juxtul's Armour Emporium.
 28988 | Depths:1 | Entered Level 1 of the Depths
 29034 | Depths:1 | Reached skill level 18 in Maces & Flails
 29492 | Depths:1 | Noticed Bai Suzhen
 29587 | Depths:1 | Found Liceneuq's Food Shoppe.
 29785 | Depths:1 | Received a gift from Trog
 29791 | Depths:1 | Got a translucent great mace {god gift}
 29792 | Depths:1 | Identified the +4 great mace of the Eternal Void {crush, rC++ Str+3 Int-3} (Trog gifted it to you on level 1 of the Depths)
 30196 | Depths:1 | Got an uncursed warped demon trident {vamp}
 30201 | Depths:1 | Identified the +8 demon trident of Ysyenuf {vamp, Str+3} (You took it off a salamander on level 1 of the Depths)
 30214 | Depths:1 | Found a gateway to Hell.
 30249 | Depths:1 | Killed Bai Suzhen
 30757 | Depths:2 | Reached skill level 10 in Armour
 31584 | Depths:2 | Noticed a quicksilver dragon
 31901 | Depths:2 | Got a scintillating bone ring
 31924 | Depths:2 | Noticed a caustic shrike
 31924 | Depths:2 | Noticed a caustic shrike
 31937 | Depths:2 | HP: 8/274 [acid (10)]
 31940 | Depths:2 | Mangled by a caustic shrike

Vault maps used:
D:1:      giann_horns, minmay_misc_feat_hallway, grunt_decor_clamped
D:2:      uniq_crazy_yiuf_cottage
D:3:      lemuel_round_altar, makhleb_altar_promises_db, lemuel_crystal_altar,
          minivault_19, minmay_misc_feat_tiny
D:5:      kennysheep_mini_moat, minmay_temple_entry_enclosed_plants,
          first_ration, bh_walls_and_bars, uniq_sigmund, uniq_menkaure,
          uniq_prince_ribbit1, uniq_grinder
D:6:      slow_altar_1, portal_sewer_entry_b
D:7:      grunt_temple_overflow_open, serial_shops,
          nicolae_shop_window_shopping, shop_fountains, trog_hazing_becter
D:8:      lemuel_coloured_pillars_altar, lemuel_crystal_altar,
          nicolae_ru_awakened_eye, nicolae_gozag_zags_fifth_avenue
D:9:      lemuel_round_altar, orc_0_dummy, serial_undead, serial_undead_a,
          serial_undead_b, serial_undead_e, serial_undead_e, serial_undead_a,
          serial_undead_e, uniq_erica
D:10:     minmay_blocky_corners, erik_lair_orcish_takeover, basic_altar,
          hangedman_ranch, trog_ov_bears_minmay, uniq_nergalle
D:11:     serial_glass, glass_columns_b, glass_columns_c
D:13:     david_vaults_5, serial_shops, shop, nicolae_alphabet_shops
D:14:     palyth_stone_intersect, minivault_14
D:15:     grunt_enter_depths_hoard, amethyst_killhole, serial_shops,
          nicolae_shop_trees, nicolae_shop_stone
Lair:1:   serial_forest, infiniplex_forest_end_1, infiniplex_forest_end_3,
          infiniplex_forest_diagonal, infiniplex_forest_straight_4,
          infiniplex_forest_clump_double, infiniplex_forest_lined_corner,
          infiniplex_forest_lined_room_2, lemuel_fruit_fields, lemuel_fruit_tree
Lair:2:   basic_altar, st_stairs_10, kennysheep_rathole, uniq_gastronok,
          uniq_fannar
Lair:3:   nicolae_spider_entry_non_spiders
Lair:4:   lemuel_slime, minmay_swamp_entry_reptiles, lemuel_fruit_fields,
          uniq_sonja
Lair:6:   wormcave, slime_altar_1, lab_entry_generic, wad_woods_road_05,
          grunt_megastairs_2
Orc:1:    serial_shops, shop, library_closet, uniq_maurice
Orc:2:    grunt_orc_community_town_hall, grunt_orc_community_big_house_2,
          grunt_orc_community_big_house_1, grunt_orc_community_house_1,
          grunt_orc_community_house_2, grunt_orc_community_house_2,
          grunt_orc_community_house_3, uniq_azrael, uniq_rupert, uniq_josephine
Depths:1: serial_shops, shop, interstate_on_off, hellmouth_1,
          grunt_ministairs_2, hex_medium, wad_floor_pattern_2,
          minmay_misc_feat_tower, grunt_decor_one_mirror, corexii_corridor_pit,
          minmay_misc_feat_x, serial_bayou_pond_c, due_unseen_surprise,
          uniq_bai_suzhen
Depths:2: hangedman_arch_fort, pf_hell_entry_tar_spiral, minmay_holes,
          nicolae_abyss_entry_one_way_or_another, minmay_staircase_bubble
Lab:      labyrinth_mini_lab, labyrinth_lava_lair, nicolae_lab_garden,
          nicolae_lab_t_cross, nicolae_lab_diamond, lab_hedge, lab_block,
          labyrinth_fake_exit

Skill      XL: |  1  2  3  4  5  6  7  8  9 10 11 12 13 14 15 16 |
---------------+-------------------------------------------------+-----
Dodging        | 3 4 5 6 7 8 |  8.3
Maces & Flails | 3 4 5 6 7 9 11 12 14 15 16 17 18 | 18.6
Fighting       | 5 6 7 8 10 11 12 13 15 16 17 | 17.4
Stealth        | 1 2 3 |  3.3
Armour         | 3 4 5 6 7 8 9 10 | 10.3
Evocations     | |  0.1

Action                   |  1- 3 |  4- 6 |  7- 9 | 10-12 | 13-15 | 16-18 || total
-------------------------+-------+-------+-------+-------+-------+-------++-------
Melee: Mace              |   100 |   300 |   260 |   141 |       |       ||   801
       Giant spiked club |       |       |       |   514 |  1160 |   218 ||  1892
Invok: Trog's Hand       |       |     2 |     4 |     5 |    11 |     3 ||    25
       Berserk           |       |     2 |     3 |     8 |    12 |     4 ||    29
 Abil: Evoke Flight      |       |       |       |       |       |     2 ||     2
  Use: Scroll            |       |     1 |     6 |     7 |    17 |     1 ||    32
 Stab: Sleeping          |       |       |     1 |       |     2 |       ||     3
  Eat: Chunk             |     1 |    25 |    13 |    41 |    51 |    16 ||   147
       Ration            |       |       |       |       |     6 |       ||     6
Armor: Animal skin       |    46 |    91 |    13 |       |       |       ||   150
       Ice dragon scales |       |       |   115 |   464 |   724 |   120 ||  1423
       Storm dragon scal |       |       |       |       |       |    71 ||    71
Dodge: Dodged            |    77 |   207 |   122 |   386 |   623 |   124 ||  1539

Table legend:
 A = Spawn XP
 B = Non-spawn XP
 C = Spawn XP percentage of total XP
 D = Spawn monster count
 E = Non-spawn monster count
 F = Spawn count percentage of total count
 G = Total turns spent on level
                    A         B        C        D         E        F      G
               +---------+---------+-------+---------+---------+-------+---------
         Total |       0 |  169237 |   0.0 |       0 |     893 |   0.0 | 31940
               +---------+---------+-------+---------+---------+-------+---------
           D:1 |       0 |      35 |   0.0 |       0 |      19 |   0.0 |   747
           D:2 |       0 |     130 |   0.0 |       0 |      32 |   0.0 |  1240
           D:3 |       0 |     207 |   0.0 |       0 |      35 |   0.0 |  1682
           D:4 |       0 |     270 |   0.0 |       0 |      25 |   0.0 |  1380
           D:5 |       0 |    1718 |   0.0 |       0 |      25 |   0.0 |  1287
           D:6 |       0 |    1905 |   0.0 |       0 |      29 |   0.0 |   921
           D:7 |       0 |    1060 |   0.0 |       0 |      33 |   0.0 |  1340
           D:8 |       0 |    1190 |   0.0 |       0 |      30 |   0.0 |   918
           D:9 |       0 |    3105 |   0.0 |       0 |      42 |   0.0 |  1337
          D:10 |       0 |    8915 |   0.0 |       0 |      55 |   0.0 |  1668
          D:11 |       0 |    5129 |   0.0 |       0 |      30 |   0.0 |   798
          D:12 |       0 |    5901 |   0.0 |       0 |      30 |   0.0 |  1024
          D:13 |       0 |    8471 |   0.0 |       0 |      34 |   0.0 |   779
          D:14 |       0 |    5506 |   0.0 |       0 |      18 |   0.0 |   628
          D:15 |       0 |   17125 |   0.0 |       0 |      55 |   0.0 |  1091
        Lair:1 |       0 |    3015 |   0.0 |       0 |      14 |   0.0 |  1256
        Lair:2 |       0 |    5011 |   0.0 |       0 |      23 |   0.0 |   951
        Lair:3 |       0 |     970 |   0.0 |       0 |      10 |   0.0 |   845
        Lair:4 |       0 |    9987 |   0.0 |       0 |      51 |   0.0 |  1081
        Lair:5 |       0 |   10053 |   0.0 |       0 |      29 |   0.0 |  1086
        Lair:6 |       0 |   17090 |   0.0 |       0 |      53 |   0.0 |  2058
         Orc:1 |       0 |    7037 |   0.0 |       0 |      49 |   0.0 |  1186
         Orc:2 |       0 |   14772 |   0.0 |       0 |     112 |   0.0 |  3169
      Depths:1 |       0 |   17900 |   0.0 |       0 |      21 |   0.0 |  1820
      Depths:2 |       0 |   20312 |   0.0 |       0 |      29 |   0.0 |  1132
           Lab |       0 |    2423 |   0.0 |       0 |      10 |   0.0 |   516
               +---------+---------+-------+---------+---------+-------+---------
